 Dungeon Crawl Stone Soup version 0.29.1-2-gbd0b4ee654 (webtiles) character file.

Game seed: 6795942613892053236

434 KittyFluff the Twirler (level 7, 0/43 HPs)
             Began as a Gargoyle Berserker on Nov 1, 2022.
             Was a Believer of Trog.
             Slain by a hornet (12 damage)
             ... on level 4 of the Dungeon.
             The game lasted 00:14:21 (4058 turns).

KittyFluff the Twirler (Gargoyle Berserker)         Turns: 4058, Time: 00:14:22

Health: 0/43       AC:  7    Str: 21    XL:     7   Next: 0%
Magic:  7/7        EV: 16    Int:  7    God:    Trog [**....]
Gold:   122        SH:  0    Dex: 11    Spells: 6/6 levels left

rFire   . . .      SeeInvis .   o - +0 quarterstaff
rCold   . . .      Faith    .   (shield currently unavailable)
rNeg    + . .      Spirit   .   b - +0 animal skin
rPois   ∞          Reflect  .   (no helmet)
rElec   +          Harm     .   (no cloak)
rCorr   .          Rampage  .   (no gloves)
Will    .....                   (no boots)
Stlth   +.........              (no amulet)
HPRegen 0.14/turn               r - +4 ring of evasion
MPRegen 0.10/turn               (no ring)

@: no status effects
A: sickness immunity, AC +4, negative energy resistance 1, electricity
resistance, torment resistance 1, petrification resistance
a: Renounce Religion, Berserk, Trog's Hand


You were on level 4 of the Dungeon.
You worshipped Trog.
Trog was pleased with you.
You visited 1 branch of the dungeon, and saw 4 of its levels.

You collected 162 gold pieces.
You spent 40 gold pieces at shops.

Inventory:

Hand Weapons
 a - a +0 mace
 g - a +2 vorpal sling
 o - a +0 quarterstaff (weapon)
Missiles
 f - 9 poisoned darts (quivered)
Armour
 b - a +0 animal skin (worn)
 p - a +0 leather armour
Jewellery
 r - a +4 ring of evasion (left hand)
Wands
 q - a wand of quicksilver (3)
Scrolls
 d - a scroll of silence {unknown}
 j - a scroll of magic mapping {unknown}
 k - a scroll of enchant armour {unknown}
 l - a scroll of summoning {unknown}
 m - a scroll of identify {unknown}
 n - a scroll of fear {unknown}
Potions
 c - 6 potions of curing {unknown}
 e - a potion of haste {unknown}
 h - a potion of degeneration {unknown}
 i - a potion of attraction {unknown}


   Skills:
 + Level 4.2 Fighting
 + Level 4.0(5.0) Maces & Flails
 * Level 4.6(5.3) Staves
 + Level 0.1 Throwing
 * Level 3.3 Armour
 + Level 2.4 Dodging
 + Level 0.7 Stealth


You had 6 spell levels left.
You didn't know any spells.
Your spell library was empty.

Dungeon Overview and Level Annotations

Branches:
Dungeon (4/15)             Temple (0/1) D:4

Altars:
Cheibriados
Ru
Trog

Shops:
D:2 (((!*   D:3 ?


Innate Abilities, Weirdness & Mutations

You are immune to sickness and miasma.
Your stone body is resilient. (AC +4)
You are immune to poison.
You resist negative energy. (rN+)
You are resistant to electric shocks. (rElec)
You are resistant to unholy torment.
You are immune to petrification.


Message History

You closely miss the hobgoblin. The hobgoblin barely misses you.
The giant cockroach closely misses you.
A goblin comes into view. It is wielding a +0 dagger.
You closely miss the hobgoblin. The hobgoblin closely misses you.
The giant cockroach bites you but does no damage.
You sock the hobgoblin!
You kill the hobgoblin!
Trog accepts your kill.
The giant cockroach bites you but does no damage.
You sock the giant cockroach!
You kill the giant cockroach!
Trog accepts your kill.
You have reached level 7!
You closely miss the goblin. The goblin completely misses you.
You closely miss the goblin. The goblin closely misses you.
You thump the goblin!
You kill the goblin!
Trog accepts your kill.
You see here a +0 dagger.
You enter the shallow water.
Moving in this stuff is going to be slow.
Found a dagger.
Found an opal ring.
r - a +4 ring of evasion
r - a +4 ring of evasion (left hand)
You see here a +0 dagger.
A hornet comes into view.
Found a murky pink potion.
A goblin comes into view. It is wielding a +0 dagger.
Found a ring mail and a short sword.
The goblin shouts!
Found a scroll labelled LIJINU JUCEIDA.
The hornet stings you! The hornet stings you.
A hobgoblin comes into view.
The hornet stings you!
* * * LOW HITPOINT WARNING * * *
The hobgoblin shouts!
The hornet stings you!
You die...

. .....<...........##
###.............)...#
.........>..........#
......>.............#
....#....^.........##
... .........## #..
#.#.###.## ..#...#.#
##.#.#@# #.[..y.# ..
#......# .# #..!g..#
........# ........#
#g#...... .....##).
.?.## #.#


You could see a hornet, a hobgoblin and a goblin.

Vanquished Creatures
  2 black bears (D:3)
  An orc warrior (D:3)
  A hound (D:3)
  An orc wizard (D:3)
  3 adders
  A worm (D:4)
  A dart slug (D:2)
  2 orcs (D:3)
  2 endoplasms
  4 giant cockroaches
  5 goblins
  10 hobgoblins
  8 kobolds
  2 quokkas
  7 ball pythons
  13 bats
  4 frilled lizards
  3 rats (D:1)
70 creatures vanquished.

Vanquished Creatures (others)
  7 plants (D:3)
7 creatures vanquished.

Grand Total: 77 creatures vanquished

Notes
Turn   | Place    | Note
-------+----------+-------------------------------------------
     0 | D:1      | KittyFluff the Gargoyle Berserker began the quest for the
                  | Orb.
     0 | D:1      | Reached XP level 1. HP: 14/14 MP: 1/1
   271 | D:1      | Reached XP level 2. HP: 11/19 MP: 2/2
   680 | D:1      | Reached ** piety under Trog
   857 | D:2      | Found Koczuxzilu's Distillery.
   879 | D:2      | HP: 1/20 [constriction (1)]
   883 | D:2      | Reached XP level 3. HP: 1/24 MP: 3/3
  1198 | D:2      | Found Vuerebif's Assorted Antiques.
  1314 | D:2      | Found a sacrificial altar of Ru.
  1457 | D:2      | Found Aschyike's Weapon Shop.
  1664 | D:2      | Found Kiqem's Antique Weapon Boutique.
  2051 | D:2      | Found Hal Allio's Weapon Emporium.
  2104 | D:2      | Bought a +0 quarterstaff for 40 gold pieces
  2281 | D:3      | Reached XP level 4. HP: 28/29 MP: 4/4
  2360 | D:3      | Found a faded altar of an unknown god.
  2361 | D:3      | Noticed a great orb of eyes
  2366 | D:3      | Noticed a shining eye
  2370 | D:3      | Noticed a golden eye
  2376 | D:3      | Noticed a great orb of eyes
  2659 | D:3      | Found Kopluf's Magic Scroll Shoppe.
  2861 | D:3      | Reached skill level 1 in Staves
  3018 | D:3      | Reached XP level 5. HP: 33/33 MP: 5/5
  3149 | D:4      | Noticed a black bear
  3154 | D:4      | Noticed an orc warrior
  3160 | D:3      | Killed a black bear
  3213 | D:3      | Killed an orc warrior
  3214 | D:3      | Reached XP level 6. HP: 6/38 MP: 6/6
  3490 | D:4      | Noticed a black bear
  3567 | D:3      | Killed a black bear
  3632 | D:4      | Found a bloodstained altar of Trog.
  3748 | D:4      | Found a snail-covered altar of Cheibriados.
  3951 | D:4      | Found a staircase to the Ecumenical Temple.
  3990 | D:4      | Reached XP level 7. HP: 40/43 MP: 7/7
  4053 | D:4      | Noticed a hornet
  4058 | D:4      | Slain by a hornet

Illustrated notes

Levels and vault maps discovered:
D:1:      minmay_arrival_jagged, layout_basic
D:2:      layout_basic, basic_altar, serial_shops, shop,
          nicolae_shop_waterfront, nicolae_shop_hallway_stairs, shop_statue,
          nicolae_shop_overgrown_old_shop, st_stairs_2
D:3:      layout_basic, serial_shops, nicolae_shop_hallway_stairs,
          hellmonk_ecumenical_altar_watching_god, serial_bayou,
          serial_bayou_pond_e, serial_bayou_lagoon_a, serial_bayou_pond_c,
          serial_bayou_lagoon_b
D:4:      layout_rooms, mainiacjoe_overflow_six_doors_small,
          trog_ov_bears_minmay, minmay_temple_entry_mist, wad_woods_river_04

Skill      XL: |  1  2  3  4  5  6 |
---------------+-------------------+-----
Dodging        | 2 |  2.4
Maces & Flails | 4 |  4.0
Staves         | 1 3 4 |  4.6
Fighting       | 4 |  4.2
Armour         | 3 |  3.3
Throwing       | |  0.1
Stealth        | |  0.7

Action                   |  1- 3 |  4- 6 |  7- 9 || total
-------------------------+-------+-------+-------++-------
Melee: Mace              |   142 |       |       ||   142
       Quarterstaff      |     5 |   109 |     3 ||   117
Throw: Dart              |       |     4 |       ||     4
Invok: Berserk           |     1 |     3 |       ||     4
 Stab: Sleeping          |       |     1 |       ||     1
Armor: Animal skin       |    75 |    46 |       ||   121
Dodge: Dodged            |   139 |    80 |     2 ||   221
